 Dungeon Crawl Stone Soup version 0.30.0-5-g1a98f26d00 (webtiles) character file.

Game seed: 4205573335849334276

30767 SnakkuSnakku7 the Skirmisher (level 12, 0/97 HPs)
             Began as a Vampire Hedge Wizard on May 12, 2023.
             Was a Follower of Okawaru.
             Killed from afar by a rime drake (28 damage)
             ... with an icy flash freeze
             ... on level 4 of the Lair of Beasts.
             The game lasted 00:21:07 (10316 turns).

SnakkuSnakku7 the Skirmisher (VpHW)                Turns: 10316, Time: 00:21:07

Health: 0/97       AC:  9    Str: 11    XL:     12   Next: 22%
Magic:  27/27      EV: 18    Int: 21    God:    Okawaru [*.....]
Gold:   1866       SH:  0    Dex: 17    Spells: 17/17 levels left

rFire   . . .        a - +3 greatsling "Punk" {acid, rCorr}
rCold   . . .        (no shield)
rNeg    . . .        w - +2 leather armour {rPois}
rPois   +            C - +1 helmet of Zimopih {*Corrode Regen+ Int+5 Slay+5}
rElec   .            L - +0 cloak
rCorr   +            x - +0 pair of gloves
SInv    +            (no boots)
Will    +....        b
                       - Hermit's Pendant {Faith Invo=14 Evo=0 MP+5}
Stlth   ++           (no ring)
HPRegen 1.36/turn    (no ring)
MPRegen 0.20/turn

%: corrode self (3%), faith
@: healing quickly, unable to drink
A: alive, fangs 3, see invisible, inability to drink after injury 2, hated by
all, inability to train armour, no hexes magic, no ice magic, no summoning
magic, inexperienced 1, missing an eye, vampiric 2
a: Exsanguinate, Renounce Religion, Heroism


You were on level 4 of the Lair of Beasts.
You worshipped Okawaru.
Okawaru was aware of your devotion.
You visited 3 branches of the dungeon, and saw 15 of its levels.
You also visited: Ossuary and Bailey.

You collected 2684 gold pieces.
You spent 818 gold pieces at shops.

Inventory:

Hand Weapons
 a - the +3 greatsling "Punk" (weapon) {acid, rCorr}
   (You bought it in a shop on level 2 of the Dungeon)

   rCorr:     It protects you from acid and corrosion.
Missiles
 O - a throwing net
Armour
 w - a +2 leather armour of poison resistance (worn)
 x - a +0 pair of gloves (worn)
 C - the +1 helmet of Zimopih (worn) {*Corrode Regen+ Int+5 Slay+5}
   (You acquired it on level 4 of the Dungeon)

   Int:       It affects your intelligence (+5).
   Slay:      It affects your accuracy & damage with ranged weapons and melee
   (+5).
   Regen:     It increases your rate of health regeneration.
   *Corrode:  It may corrode you when you take damage.
 L - a +0 cloak (worn)
Jewellery
 b - the Hermit's Pendant (around neck) {Faith Invo=14 Evo=0 MP+5}
   (You found it on level 4 of the Dungeon)

   [amulet of faith]

   Invo=14: It sets your Invocations skill to 14.
   Evo=0: It sets your Evocations skill to 0.
   It allows you to gain divine favour quickly.
   MP:        It affects your magic capacity (+5).
 c - an amulet of reflection
 m - an amulet of the acrobat
 G - an amulet of regeneration
 Q - an amulet of guardian spirit
Wands
 t - a wand of flame (37)
 P - a wand of paralysis (3)
 R - a wand of light (4)
Scrolls
 e - a scroll of blinking
 k - a scroll of vulnerability {unknown}
 l - a scroll of identify
 n - 3 scrolls of magic mapping
 r - 3 scrolls of brand weapon
 s - 3 scrolls of teleportation
 u - 2 scrolls of immolation {unknown}
 y - a scroll of fog
 E - 4 scrolls of enchant weapon
 F - 2 scrolls of enchant armour {unknown}
 M - a scroll of poison {unknown}
 N - a scroll of silence {unknown}
Potions
 d - 3 potions of magic
 f - 9 potions of haste {unknown}
 g - 7 potions of heal wounds
 h - 2 potions of invisibility {unknown}
 i - a potion of ambrosia
 j - 5 potions of flight
 o - 2 potions of attraction
 p - 8 potions of curing {unknown}
 q - a potion of berserk rage
 z - 7 potions of brilliance {unknown}
 B - 7 potions of mutation {unknown}
 H - 2 potions of resistance {unknown}
 I - 2 potions of might {unknown}
 J - a potion of experience {unknown}
 K - 2 potions of cancellation


   Skills:
 + Level 9.8 Fighting
 - Level 2.6 Maces & Flails
 - Level 14.0 Ranged Weapons
 - Level 12.0 Dodging
 - Level 3.0 Stealth
 - Level 1.6 Unarmed Combat
 - Level 3.0 Spellcasting
 - Level 0.6 Conjurations
 - Level 0.7 Translocations


You had 17 spell levels left.
You didn't know any spells.
Your spell library contained the following spells:

 Spells                   Type           Power      Damage    Failure   Level
 Magic Dart               Conj           20%        1d4       14%         1
 Blink                    Tloc           12%        N/A       21%         2
 Lesser Beckoning         Tloc           12%        N/A       21%         2
 Momentum Strike          Conj/Tloc      10%        3d8       21%         2
 Cigotuvi's Dreadful Rot  Necr/Pois/Air  6%         N/A       26%         2
 Poisonous Vapours        Pois/Air       6%         N/A       26%         2
 Vhi's Electric Charge    Tloc/Air       8%         N/A       41%         3
 Mephitic Cloud           Conj/Pois/Air  3%         N/A       43%         3
 Stone Arrow              Conj/Erth      8%         3d7       43%         3
 Arcjolt                  Conj/Air       2%         1d12      99%         5
 Lehudib's Crystal Spear  Conj/Erth      2%         10d2      100%        8
 Maxwell's Capacitive Co  Air            1%         ∞         100%        8
 Freeze                   Ice            Unusable   1d3       N/A         1
 Slow                     Hex            Unusable   N/A       N/A         1
 Call Imp                 Summ           Unusable   N/A       N/A         2
 Hailstorm                Conj/Ice       Unusable   3d4       N/A         3
 Frozen Ramparts          Ice            Unusable   1d1       N/A         3
 Animate Armour           Summ/Erth      Unusable   N/A       N/A         4
 Freezing Cloud           Conj/Ice/Air   Unusable   6-21      N/A         5

Dungeon Overview and Level Annotations

Branches:
Dungeon (10/15)            Temple (1/1) D:4            Lair (4/5) D:9
  Swamp (0/4) Lair:2       Spider (0/4) Lair:2          Orc (0/2) D:10
Ossuary (visited)          Bailey (visited)
  Slime: Lair:4-5

Altars:
Ashenzari
Dithmenos
Kikubaaqudgha
Makhleb
Okawaru
Qazlal
Ru
Trog
Uskayaw
Vehumet
Wu Jian
Xom

Shops:
D:2 (   D:6 :   D:7 [


Innate Abilities, Weirdness & Mutations

Your natural rate of healing is accelerated.
You have razor-sharp teeth.
You have supernaturally acute eyesight. (SInv)
You sometimes lose the ability to drink potions when taking damage.
You are hated by all.
You cannot train Armour skill.
You cannot study or cast Hexes magic.
You cannot study or cast Ice magic.
You cannot study or cast Summoning magic.
You are somewhat inexperienced. (-1 XL)
You are missing an eye, making it more difficult to aim.
You are afflicted with vampirism and can become a bat while bloodless.


Message History

The five-headed hydra looks frightened!
The wyvern looks frightened!
The water moccasin looks frightened!
The rime drake looks frightened!
The cane toad looks frightened!
The elephant looks frightened!
The blink frog looks frightened! x3; The blink frog blinks! x2
A bullfrog comes into view.
The blink frog blinks!
A rime drake comes into view.
Unknown command.
The ice encasing you melts away.
A bullfrog comes into view.
The blink frog blinks!
The rime drake breathes ice at you. The icy flash freeze hits you!!
* * * LOW HITPOINT WARNING * * *
You are encased in ice.
The blink frog blinks!
An elephant comes into view.
You cannot drink potions in your current state!
Unknown command.
A four-headed hydra comes into view.
Okay, then.
The rime drake attacks as you move away!
The rime drake barely misses you. The ice encasing you melts away.
The cane toad seems to regain its courage.
A polar bear comes into view.
The bullfrog completely misses you.
The bullfrog swells and bulges.
The cane toad is no longer covered in acid.
The blink frog blinks!
The bullfrog hits you.
* * * LOW HITPOINT WARNING * * *
Blink to where?
Press: ? - help, Dir - move target, p - cane toad
Okay, then.
The rime drake attacks as you move away!
The rime drake completely misses you.
The sentinel's mark upon you fades away.
The rime drake breathes ice at you. The icy flash freeze hits you!!
You die...

~~...............Y...........
~..###.P.#.#.....F..........
#...#.###................
##........................
..#...#.........D.........
........###.#.#F.....F......
.....†..##..k##k........§..
........P.#..#..FF....h...
......#.....P#@###....##.
......#..#..##..# #...#
...#P...†..<.P.#.# ...P#
#..##..PPPPPPP..... .P..
....PP~~≈~P...... ...
....PP~≈≈≈P..........
....PP~≈≈~PPP###...
....PP~~≈~P...# ##.
....PP~~~~P..##


You could see a four-headed hydra, a cane toad, 2 blink frogs, a rime drake
(catching breath) and 2 bullfrogs.

Vanquished Creatures
  A hydra (Lair:1)
  9 death yaks
  2 two-headed ogres
  Amaemon (D:8)
  A skyshark (Lair:4)
  2 bog bodies (Lair:2)
  A wolf spider (Lair:2)
  Joseph (D:8)
  5 elephants (Lair:3)
  A black mamba (Lair:3)
  An ice statue (Lair:2)
  5 cane toads
  An orange demon (D:8)
  An unseen horror (D:10)
  4 komodo dragons
  A merfolk (D:9)
  A troll (D:10)
  12 blink frogs
  4 polar bears
  Grinder (D:5)
  A hornet (D:10)
  3 spriggans (Bailey)
  2 jumping spiders (Lair:2)
  14 yaks
  A shadow (D:10)
  2 basilisks (Lair:3)
  A wraith (D:5)
  3 wyverns
  A redback (Lair:2)
  A steam dragon (Bailey)
  A swamp worm (Lair:2)
  16 water moccasins
  2 sky beasts (D:7)
  7 ice beasts
  A black bear (Lair:1)
  3 orc warriors
  7 ogres
  18 wolves
  2 centaurs
  2 phantoms
  A kobold brigand (D:10)
  8 bullfrogs
  A scorpion (D:4)
  2 troll zombies (D:10)
  13 killer bees
  3 howler monkeys (D:10)
  An electric eel (Lair:2)
  A centaur zombie (Ossuary)
  A jelly (D:7)
  4 hounds (D:5)
  3 orc priests
  A human zombie (Ossuary)
  3 sleepcaps
  5 orc wizards
  5 iguanas
  6 ogre zombies (D:10)
  5 mummies (Ossuary)
  Robin (D:3)
  4 gnolls (D:6)
  4 adders
  A white imp (Lair:2)
  4 ufetubi
  A worm (D:2)
  A dart slug (D:1)
  34 orcs
  A ball python (D:1)
  5 bats (D:3)
  4 endoplasms
  5 giant cockroaches
  A gnoll zombie (Ossuary)
  24 goblins
  11 hobgoblins
  6 jackals
  7 quokkas
  6 frilled lizards
  A goblin skeleton (D:10)
  4 goblin zombies
  A hobgoblin skeleton (D:10)
  5 hobgoblin zombies
  16 kobolds
  3 orc skeletons (D:10)
  16 orc zombies
  7 rats
  A butterfly (Lair:3)
380 creatures vanquished.

Vanquished Creatures (others)
  A wyvern (D:9)
  A bullfrog (Lair:3)
2 creatures vanquished.

Grand Total: 382 creatures vanquished

Notes
Turn   | Place    | Note
-------+----------+-------------------------------------------
     0 | D:1      | SnakkuSnakku7 the Vampire Hedge Wizard began the quest for
                  | the Orb.
     0 | D:1      | Reached XP level 1. HP: 13/13 MP: 4/4
   258 | D:1      | Reached skill level 1 in Unarmed Combat
   275 | D:1      | Reached skill level 1 in Fighting
   275 | D:1      | Reached XP level 2. HP: 6/21 MP: 6/6
   779 | D:2      | Gained mutation: You are afflicted with vampirism and can
                  | become a bat while bloodless. [Vampire growth]
   779 | D:2      | Reached XP level 3. HP: 25/26 MP: 7/7
   970 | D:2      | Reached skill level 1 in Maces & Flails
   970 | D:2      | Found Ariuttoeph's Antique Weapon Shop.
  1400 | D:3      | Noticed Robin
  1427 | D:2      | Reached XP level 4. HP: 21/33 MP: 8/8
  1615 | D:3      | Killed Robin
  2129 | D:3      | Reached XP level 5. HP: 40/40 MP: 9/9
  2164 | D:4      | Identified 2 scrolls of acquirement
  2164 | D:4      | Acquired the +1 helmet of Zimopih {*Corrode Regen+ Int+5
                  | Slay+5}
  2166 | D:4      | Acquired 1104 gold pieces
  2172 | D:4      | Found the Hermit's Pendant {Faith Invo=14 Evo=0 MP+5}
  2275 | D:4      | Found a staircase to the Ecumenical Temple.
  2299 | Temple   | Entered the Ecumenical Temple
  2307 | Temple   | Became a worshipper of Ru the Awakened
  2462 | D:4      | Found a sand-covered staircase.
  2467 | Ossuary  | Entered an ossuary
  2508 | Ossuary  | Reached skill level 1 in Ranged Weapons
  2508 | Ossuary  | Reached XP level 6. HP: 48/48 MP: 16/16
  2720 | D:2      | Bought the +3 greatsling "Punk" {acid, rCorr} for 751 gold
                  | pieces
  2720 | D:2      | Found the +3 greatsling "Punk" {acid, rCorr}
  2939 | D:4      | Reached skill level 2 in Ranged Weapons
  3020 | D:4      | Found a hide-covered altar of Uskayaw.
  3157 | D:5      | Entered Level 5 of the Dungeon
  3188 | D:5      | Noticed Grinder
  3192 | D:5      | Reached XP level 7. HP: 53/55 MP: 17/17
  3205 | D:5      | Killed Grinder
  3206 | D:5      | Reached skill level 5 in Fighting
  3206 | D:5      | Reached skill level 3 in Ranged Weapons
  3240 | D:5      | Gained mutation: You cannot study or cast Ice magic. [Ru
                  | sacrifice]
  3240 | D:5      | Gained mutation: You cannot study or cast Hexes magic. [Ru
                  | sacrifice]
  3240 | D:5      | Gained mutation: You cannot study or cast Summoning magic.
                  | [Ru sacrifice]
  3240 | D:5      | Reached * piety under Ru
  3299 | D:5      | Noticed a wraith
  3307 | D:5      | Killed a wraith
  3308 | D:5      | Reached skill level 4 in Ranged Weapons
  3311 | D:5      | Found an ornate altar of the Wu Jian Council.
  3335 | D:5      | Reached skill level 5 in Ranged Weapons
  3335 | D:5      | Reached XP level 8. HP: 62/62 MP: 18/18
  3549 | D:5      | Reached skill level 6 in Ranged Weapons
  3566 | D:5      | Found an iron altar of Okawaru.
  3566 | D:5      | Found a shimmering altar of Xom.
  3876 | D:6      | Identified the +0 scale mail "Nioxtu" {Dex+2 SInv}
  4010 | D:6      | Found Gurobeh's Book Shop.
  4216 | D:7      | Acquired 743 gold pieces
  4240 | D:7      | Reached skill level 7 in Ranged Weapons
  4382 | D:7      | Found a flagged portal.
  4390 | Bailey   | Entered a bailey
  4403 | Bailey   | Reached XP level 9. HP: 68/68 MP: 19/19
  4406 | Bailey   | Reached skill level 8 in Ranged Weapons
  4439 | Bailey   | Noticed a two-headed ogre
  4463 | Bailey   | Killed a two-headed ogre
  4464 | Bailey   | Reached skill level 9 in Ranged Weapons
  4505 | Bailey   | Reached skill level 10 in Ranged Weapons
  4635 | D:7      | Found Reacaal's Armour Boutique.
  4800 | D:7      | Bought a +0 cloak for 67 gold pieces
  5112 | D:8      | Noticed Joseph
  5121 | D:8      | Killed Joseph
  5122 | D:8      | Reached XP level 10. HP: 58/74 MP: 20/20
  5204 | D:8      | Reached skill level 11 in Ranged Weapons
  5285 | D:8      | Gained mutation: You are hated by all. [Ru sacrifice]
  5285 | D:8      | Reached ** piety under Ru
  5672 | D:8      | Noticed an orange demon
  5700 | D:8      | Killed an orange demon
  5792 | D:8      | Noticed Amaemon
  5802 | D:8      | Killed Amaemon
  6044 | D:9      | Found a staircase to the Lair.
  6052 | D:9      | Reached skill level 12 in Ranged Weapons
  6488 | D:9      | Identified the +10 trident "Obbid" {heavy, rPois Will-
                  | rCorr}
  6532 | D:10     | Entered Level 10 of the Dungeon
  6598 | D:10     | Reached XP level 11. HP: 75/79 MP: 21/21
  6602 | D:10     | Found a staircase to the Orcish Mines.
  6615 | D:10     | Reached skill level 13 in Ranged Weapons
  6654 | D:10     | Gained mutation: You cannot train Armour skill. [Ru
                  | sacrifice]
  6654 | D:10     | Reached *** piety under Ru
  6757 | D:10     | Noticed a two-headed ogre
  6766 | D:10     | Killed a two-headed ogre
  7124 | Lair:1   | Entered Level 1 of the Lair of Beasts
  7287 | Lair:1   | Reached skill level 14 in Ranged Weapons
  7343 | Lair:1   | Noticed a death yak
  7355 | Lair:1   | Killed a death yak
  7357 | Lair:1   | Noticed a death yak
  7364 | Lair:1   | Noticed a death yak
  7367 | Lair:1   | Noticed a death yak
  7368 | Lair:1   | Killed a death yak
  7369 | Lair:1   | Reached skill level 5 in Dodging
  7375 | Lair:1   | Killed a death yak
  7381 | Lair:1   | Killed a death yak
  7538 | Lair:1   | Gained mutation: You are somewhat inexperienced. (-1 XL)
                  | [Ru sacrifice]
  7538 | Lair:1   | Reached XP level 10. HP: 74/74 MP: 25/25
  7538 | Lair:1   | Reached **** piety under Ru
  7568 | Lair:1   | Noticed a four-headed hydra
  7573 | Lair:1   | Killed a four-headed hydra
  7663 | Lair:1   | Reached XP level 11. HP: 79/79 MP: 21/21
  7992 | Lair:2   | Reached skill level 10 in Dodging
  8010 | Lair:2   | Found a staircase to the Swamp.
  8081 | Lair:2   | Found a hole to the Spider Nest.
  8316 | Lair:2   | Noticed an ice dragon
  8454 | Lair:2   | Gained mutation: You are missing an eye, making it more
                  | difficult to aim. [Ru sacrifice]
  8454 | Lair:2   | Reached ***** piety under Ru
  9120 | Lair:3   | Noticed a death yak
  9125 | Lair:3   | Noticed a death yak
  9128 | Lair:3   | Noticed a death yak
  9128 | Lair:3   | Noticed a death yak
  9129 | Lair:3   | Noticed a death yak
  9132 | Lair:3   | Killed a death yak
  9157 | Lair:3   | Killed a death yak
  9164 | Lair:3   | Killed a death yak
  9171 | Lair:3   | Killed a death yak
  9181 | Lair:3   | Killed a death yak
  9285 | Lair:3   | Reached XP level 12. HP: 94/94 MP: 22/22
  9314 | Lair:3   | Identified the +0 scale mail of the Burnt God {Drain rC++
                  | Dex+8}
  9505 | Lair:3   | Gained mutation: You occasionally lose the ability to drink
                  | potions when taking damage. [Ru sacrifice]
  9505 | Lair:3   | Gained mutation: You sometimes lose the ability to drink
                  | potions when taking damage. [Ru sacrifice]
  9505 | Lair:3   | Reached ****** piety under Ru
  9751 | D:5      | Fell from the grace of Ru
  9751 | D:5      | Became a worshipper of Warmaster Okawaru
 10257 | Lair:4   | Reached * piety under Okawaru
 10316 | Lair:4   | Killed from afar by a rime drake

Illustrated notes

Levels and vault maps discovered:
D:1:      kennysheep_arrival_forest, layout_basic
D:2:      kennysheep_the_goblin_king, layout_loops_ring, serial_shops,
          nicolae_shop_tiny_statue_garden
D:3:      corexii_shack_village, layout_rooms, amcnicky_mini_pool_small,
          uniq_robin
D:4:      layout_cave_pools, general_overflow_altar, temple_fountains,
          enter_ossuary_2, serial_bayou_pond_b, hangedman_abyss_or_decor_stabs
D:5:      layout_rooms, mainiacjoe_overflow_alcove_2, lemuel_tele_altar,
          gammafunk_temple_overflow_pools, serial_bayou_crossing, uniq_grinder
D:6:      layout_rooms, serial_shops, shop, nicolae_titane
D:7:      layout_loops_cross, enter_bailey_2, serial_shops,
          nicolae_shop_tiny_glass
D:8:      layout_basic, uniq_amaemon, uniq_joseph
D:9:      layout_rooms, dpeg_oklobed_lair, hangedman_fish_farm
D:10:     layout_rooms, tso_metal_star, zombieorc2_lemuel, kennysheep_donut
Temple:   compressed_dpeg_triangle_lava_temple
Lair:1:   layout_regular_city, nicolae_lair_grove_arrangements
Lair:2:   layout_long_grid, nicolae_swamp_entry_splash_gauntlet,
          spider_nest_entry_funnel_web, ice2_lemuel, serial_bayou_shore_b
Lair:3:   layout_chaotic_city, lemuel_fruit_fields
Lair:4:   layout_gridlike, chequers_serial_rivers_marsh

Skill      XL: |  1  2  3  4  5  6  7  8  9 10 11 12 |
---------------+-------------------------------------+-----
Unarmed Combat | 1 |  1.6
Fighting       | 1 2 3 4 5 8 9 |  9.8
Maces & Flails | 1 2 |  2.6
Ranged Weapons | 1 2 5 7 10 12 14 | 14.0
Summonings     | 0 |  0.0
Dodging        | 12 | 12.0
Stealth        | |  3.0
Spellcasting   | |  3.0
Conjurations   | |  0.6
Translocations | |  0.7

Action                     |  1- 3 |  4- 6 |  7- 9 | 10-12 || total
---------------------------+-------+-------+-------+-------++-------
  Melee: Dagger            |    76 |       |       |       ||    76
         Bite              |    14 |    10 |       |       ||    24
         Whip              |    68 |   150 |       |       ||   218
         Punch             |     3 |     3 |       |       ||     6
   Fire: Greatsling        |       |    19 |   155 |   687 ||   861
   Cast: Magic Dart        |       |     5 |       |       ||     5
 Invoke: Sacrifice Arcana  |       |       |     1 |       ||     1
         Sacrifice Love    |       |       |       |     1 ||     1
         Sacrifice Experie |       |       |       |     1 ||     1
         Power Leap        |       |       |       |     1 ||     1
         Sacrifice Durabil |       |       |       |     1 ||     1
         Sacrifice an Eye  |       |       |       |     1 ||     1
         Sacrifice Drink   |       |       |       |     1 ||     1
    Use: Potion            |     1 |       |       |       ||     1
         Scroll            |       |     5 |     1 |    12 ||    18
   Stab: Sleeping          |    10 |     1 |       |       ||    11
 Armour: Robe              |    29 |    16 |       |       ||    45
         Leather armour    |       |    48 |    18 |    42 ||   108
  Dodge: Dodged            |   115 |    81 |    40 |   159 ||   395
